 Dungeon Crawl Stone Soup version 0.19.0 (webtiles) character file.

340 Jorund the Purveyor of Pain (level 6, 0/36 HPs)
             Began as an Octopode Necromancer on Nov 1, 2016.
             Was an Initiate of Kikubaaqudgha.
             Slain by an ogre
             ... wielding a +0 giant club
              (28 damage)
             ... on level 4 of the Dungeon.
             The game lasted 00:10:20 (4165 turns).

Jorund the Purveyor of Pain (Octopode Necromancer)  Turns: 4165, Time: 00:10:21

Health: 0/36       AC:  3    Str:  7    XL:     6   Next: 56%
Magic:  7/12       EV: 13    Int: 19    God:    Kikubaaqudgha [......]
Gold:   143        SH:  0    Dex: 13    Spells: 3 memorised, 6 levels left

rFire  . . .     SeeInvis .     g - +0 short sword
rCold  . . .     Gourm    .     (no shield)
rNeg   . . .     Faith    .     (helmet restricted)
rPois  .         Spirit   .     (no amulet)
rElec  .         Reflect  .     l - +2 ring of protection
rCorr  .         Harm     .     n - ring of wizardry
MR     .....                    (no ring)
Stlth  +++.......               (no ring)
                                (no ring)
                                (no ring)
                                (no ring)
                                (no ring)

@: no status effects
A: almost no armour, stealthy swim, amphibious, 8 rings, constrict 8, camouflage
1, gelatinous body 1
a: Renounce Religion


You were on level 4 of the Dungeon.
You worshipped Kikubaaqudgha.
Kikubaaqudgha was noncommittal.
You were not hungry.

You visited 1 branch of the dungeon, and saw 4 of its levels.

You collected 143 gold pieces.

Inventory:

Hand Weapons
 g - a +0 short sword (weapon)
Missiles
 i - 20 bolts
Jewellery
 l - a +2 ring of protection (left tentacle)
 n - a ring of wizardry (right tentacle)
Scrolls
 e - 2 scrolls of enchant armour
 j - 2 scrolls of recharging
 k - 2 scrolls of amnesia
 o - 2 scrolls of remove curse
 r - a scroll of magic mapping
 t - 2 scrolls of identify
Potions
 d - a potion of resistance
 h - a potion of invisibility
 p - a potion of curing
 q - a potion of might
 s - a potion of lignification
 u - a potion of cure mutation {unknown}
Books
 a - a book of Necromancy

   Spells                             Type                      Level
   a - Pain                           Necromancy                   1
   b - Animate Skeleton               Necromancy                   1
   c - Vampiric Draining              Necromancy                   3
   d - Regeneration                   Charms/Necromancy            3
   e - Animate Dead                   Necromancy                   4
   f - Control Undead                 Necromancy                   4
Comestibles
 b - 8 bread rations
 c - a royal jelly
 f - 4 chunks of flesh
 v - a beef jerky


   Skills:
 + Level 1.8 Short Blades
 - Level 2.0 Dodging
 - Level 2.6 Stealth
 + Level 4.2 Spellcasting
 + Level 0.2 Charms
 + Level 6.0 Necromancy


You had 6 spell levels left.
You knew the following spells:

 Your Spells              Type           Power        Failure   Level  Hunger
a - Pain                  Necr           ####         1%          1    None
b - Vampiric Draining     Necr           ####......   1%          3    ###....
c - Regeneration          Chrm/Necr      ###.......   4%          3    ###....


Dungeon Overview and Level Annotations

Branches:
Dungeon (4/15)
 Temple: D:4-7

Altars:
Kikubaaqudgha


Innate Abilities, Weirdness & Mutations

You cannot wear most types of armour.
You are very stealthy in the water. (Stealth+)
You are amphibious.
You can wear up to eight rings at the same time.
You can use your tentacles to constrict eight enemies at once.
Your skin changes colour to match your surroundings (Stealth+).
Your rubbery body absorbs attacks. (AC +1, EV +1)


Message History

The ogre writhes in agony!
The adder hisses angrily.
Unknown command.
Casting: Pain
Confirm with . or Enter, or press ? or * to list all spells.
Aiming: Pain
Press: ? - help, Shift-Dir - straight line, f/p - ogre
Aim: an ogre, wielding a giant club (heavily wounded, chance to defeat MR: 84%)
The ogre writhes in agony!
Unknown command.
You see here a scroll labeled GAPOSI FEOJIY.
Casting: Pain
Confirm with . or Enter, or press ? or * to list all spells.
Aiming: Pain
Press: ? - help, Shift-Dir - straight line, f/p - ogre
Aim: an ogre, wielding a giant club (heavily wounded, chance to defeat MR: 84%)
The ogre writhes in agony!
The ogre hits you with a giant club!!
Ouch! That really hurt!
You die...
Kikubaaqudgha rasps: "You have failed me!
Welcome... death!"

######### . #.......## ..
#.......#. ... #.......#.
.... #.......#. .....####
#.........
........#########.......#.
.....%.SO@..............#.
#####....#######....#####.
####...#####.##.# #.
#.........##.# #.
#..........##.# ###.
#.###.........###... #.
#........<...... #+
#.........####..
##......).......


You could see an ogre and an adder.

Vanquished Creatures
  An ogre (D:4)
  A water moccasin skeleton (D:4)
  A howler monkey (D:4)
  A centaur skeleton (D:4)
  2 adders (D:2)
  3 oozes
  3 worms
  3 dart slugs (D:1)
  4 leopard geckos
  3 orcs
  4 giant cockroaches
  13 goblins
  8 hobgoblins
  5 jackals (D:1)
  3 quokkas
  4 bats
  10 kobolds
  28 rats
97 creatures vanquished.

Notes
Turn   | Place    | Note
-------+----------+-------------------------------------------
     0 | D:1      | Jorund the Octopode Necromancer began the quest for the Orb.
     0 | D:1      | Reached XP level 1. HP: 11/11 MP: 3/3
   136 | D:1      | Reached XP level 2. HP: 12/17 MP: 0/5
   699 | D:1      | Reached XP level 3. HP: 16/21 MP: 6/6
  1777 | D:2      | Learned a level 3 spell: Vampiric Draining
  1784 | D:2      | Reached skill level 5 in Necromancy
  1789 | D:2      | Learned a level 3 spell: Regeneration
  1844 | D:2      | Reached XP level 4. HP: 22/27 MP: 3/8
  2480 | D:3      | Noticed an orc warrior
  2638 | D:3      | Reached skill level 1 in Short Blades
  2863 | D:3      | Reached XP level 5. HP: 31/31 MP: 7/9
  2912 | D:3      | Found an ancient bone altar of Kikubaaqudgha.
  3744 | D:4      | Noticed an ogre
  3787 | D:3      | Became a worshipper of Kikubaaqudgha
  4057 | D:4      | Killed an ogre
  4057 | D:4      | Reached XP level 6. HP: 1/36 MP: 0/12
  4145 | D:4      | Reached skill level 6 in Necromancy
  4165 | D:4      | Slain by an ogre

Skill      XL: |  1  2  3  4  5  6 |
---------------+-------------------+-----
Necromancy     | 5 6 |  6.0
Short Blades   | 1 |  1.8
Spellcasting   | 4 |  4.2
Dodging        | |  2.0
Stealth        | |  2.6
Charms         | |  0.2

Action                   |  1- 3 |  4- 6 || total
-------------------------+-------+-------++-------
Melee: Short sword       |    24 |    65 ||    89
       Tentacles         |     7 |    11 ||    18
       Constrict         |     6 |    17 ||    23
 Cast: Pain              |    53 |    85 ||   138
       Vampiric Draining |       |     1 ||     1
       Regeneration      |       |     1 ||     1
  Use: Potion            |     1 |     2 ||     3
       Scroll            |     5 |     8 ||    13
 Stab: Sleeping          |     2 |     3 ||     5
       Distracted        |       |     1 ||     1
  Eat: Chunk             |     2 |     9 ||    11
Armor: Skin              |     3 |     3 ||     6
Dodge: Dodged            |    17 |    51 ||    68
